 Dungeon Crawl Stone Soup version 0.30-a0-939-gc8157cb160 (webtiles) character file.

Game seed: 1042104852069027259

23 gruber the Gusty (level 2, -1/15 HPs)
             Began as a Tengu Air Elementalist on Mar 25, 2023.
             Succumbed to an adder's poison
             ... on level 1 of the Dungeon.
             The game lasted 00:01:20 (1106 turns).

gruber the Gusty (Tengu Air Elementalist)           Turns: 1106, Time: 00:01:21

Health: -1/15      AC:  2    Str:  8    XL:     2   Next: 95%
Magic:  0/6        EV: 12    Int: 15    God:
Gold:   32         SH:  0    Dex: 14    Spells: 4/5 levels left

rFire   . . .      SeeInvis .    (no weapon)
rCold   . . .      Faith    .    (no shield)
rNeg    . . .      Spirit   .    a - +0 robe
rPois   .          Reflect  .    (helmet restricted)
rElec   .          Rampage  .    (no cloak)
rCorr   .                        (no gloves)
Will    .....                    (boots unavailable)
Stlth   ++                       e - amulet of the acrobat
HPRegen 0.22/turn                (no ring)
MPRegen 0.10/turn                (no ring)

@: lethally poisoned (-1 -> -10)
A: beak, talons 3
a: no special abilities


You were on level 1 of the Dungeon.
You visited 1 branch of the dungeon, and saw 2 of its levels.

You collected 32 gold pieces.

Inventory:

Armour
 a - a +0 robe (worn)
Jewellery
 e - an amulet of the acrobat (around neck)
Scrolls
 f - a scroll of silence {unknown}
 h - a scroll of vulnerability {unknown}
 i - a scroll of fear {unknown}
Potions
 b - a potion of magic
 c - a potion of degeneration {unknown}
 d - a potion of curing
 g - a potion of ambrosia {unknown}
 j - 3 potions of lignification {unknown}


   Skills:
 - Level 2.1 Dodging
 - Level 2.0 Stealth
 - Level 2.0 Spellcasting
 - Level 1.3 Conjurations
 + Level 5.4 Air Magic


You had 4 spell levels left.
You knew the following spells:

 Your Spells              Type           Power      Damage    Failure   Level
a - Shock                 Conj/Air       44%        1d5       5%          1

Your spell library contained the following spells:

 Spells                   Type           Power      Damage    Failure   Level
 Swiftness                Air            17%        N/A       7%          3
 Static Discharge         Conj/Air       22%        2-3/arc   9%          2
 Summon Small Mammal      Summ           4%         N/A       22%         1
 Airstrike                Air            8%         2d(2-18)  24%         4
 Dazzling Flash           Conj/Hex       6%         N/A       45%         3
 Call Canine Familiar     Summ           1%         N/A       54%         3
 Summon Guardian Golem    Hex/Summ       1%         N/A       54%         3
 Silence                  Hex/Air        4%         N/A       90%         5
 Agony                    Necr           1%         N/A       99%         5


Dungeon Overview and Level Annotations

Branches:
Dungeon (2/15)

Altars:


Innate Abilities, Weirdness & Mutations

You have a beak for a mouth.
You have claws for feet.


Message History

Your magical contamination has completely faded away.
Casting: Shock (safe; 5% risk of failure)
Confirm with . or Enter, or press ? or * to list all spells.
Aiming: Shock (safe; 5% risk of failure)
Press: ? - help, Shift-Dir - straight line The zap misses the adder.
The adder misses you. The adder barely misses you.
Unknown command.
Unknown command.
Unknown command.
Unknown command.
Unknown command.
You barely miss the adder. Your kick misses the adder.
The adder is severely wounded.
The adder closely misses you.
You hit the adder. Your kick misses the adder.
The adder is almost dead.
The adder barely misses you.
You barely miss the adder.
The adder is almost dead.
The adder misses you.
You miss the adder. Your peck misses the adder.
The adder is almost dead.
The adder bites you.
You are poisoned.
The adder poisons you! The adder bites you.
You are more poisoned.
The adder poisons you!
Unknown command.
Unknown command.
Unknown command.
You barely miss the adder. You peck the adder.
The adder is almost dead.
* * * LOW HITPOINT WARNING * * *
You feel very sick. The adder barely misses you.
Unknown command.
Unknown command.
You hit the adder but do no damage.
The adder is almost dead.
You die...

.#.#####................#########
...#####...#....######.###.......
.###.>.##..#.##.# #....# ###.####
.##..<..##.#.##.# #.#### #.#
##.......###.##.###.# #.#
#..⌠...⌠..##...>....# #.#
...........#####.#### #.#
⌠....⌠....⌠.## #S# #.#
.............###@## #.#
...⌠...⌠...⌠..##..# #.#
..............(##.# #.#
.⌠.......⌠......#.# #.#
.....⌠..........#.# #.#
...............##.#### #.#
#####.###########....# #.# #.#
####.# #.# ##.# #.# #.#


You could see an adder.

Vanquished Creatures
  5 bats (D:1)
  5 endoplasms
  A giant cockroach (D:1)
  A goblin (D:1)
  A hobgoblin (D:1)
  A jackal (D:2)
  4 ball pythons (D:1)
  A kobold (D:1)
  A rat (D:1)
20 creatures vanquished.

Notes
Turn   | Place    | Note
-------+----------+-------------------------------------------
     0 | D:1      | gruber the Tengu Air Elementalist began the quest for the
                  | Orb.
     0 | D:1      | Reached XP level 1. HP: 10/10 MP: 4/4
   296 | D:1      | Reached XP level 2. HP: 15/15 MP: 4/6
   504 | D:1      | Reached skill level 5 in Air Magic
  1106 | D:1      | Succumbed to an adder's poison

Illustrated notes

Levels and vault maps discovered:
D:1:      dpeg_arrival_lava_temple_mockup, layout_basic
D:2:      layout_rooms, shapermc_ecumenical_altar_notcrosses

Skill      XL: |  1  2 |
---------------+-------+-----
Air Magic      | 5 |  5.4
Dodging        | |  2.1
Stealth        | |  2.0
Spellcasting   | |  2.0
Conjurations   | |  1.3

Action                     || total
---------------------------++-------
  Melee: Unarmed           ||    15
         Peck              ||     1
   Cast: Shock             ||    42
    Use: Potion            ||     1
 Armour: Robe              ||     5
  Dodge: Dodged            ||    20

Table legend: (Time is in decaauts)
 A = Elapsed time spent in this place.
 B = Non-inter-level travel time spent in this place.
 C = Inter-level travel time spent in this place.
 D = Time resting spent in this place.
 E = Time spent auto-exploring this place.
 F = Levels seen in this place.
 G = Mean time per level.
                   A        B        C        D        E       F      G
               +--------+--------+--------+--------+--------+-----+--------+
         Total |   1106 |   1057 |     49 |      0 |    947 |   2 |  553.0 |
       Dungeon |   1106 |   1057 |     49 |      0 |    947 |   2 |  553.0 |
               +--------+--------+--------+--------+--------+-----+--------+

Top non-repeatable levels by time:
     D:1: 1098 daAuts
     D:2: 7 daAuts
